 Dungeon Sprint DCSS version 0.26-a0-651-gb41185065b (webtiles) character file.

Game seed: 5253299634565455189

438 Apogee the Thaumaturge (level 6, -13/32 HPs)
             Began as a Deep Elf Earth Elementalist on Oct 5, 2020.
             Was a Believer of Vehumet.
             Shot with a bolt by a yaktaur (20 damage)
             ... in the Dungeon (Sprint V: "Ziggurat Sprint").
             The game lasted 00:04:47 (318 turns).

Apogee the Thaumaturge (Deep Elf Earth Elementalist) Turns: 318, Time: 00:04:48

Health: -13/32     AC:  2    Str:  5    XL:     6   Next: 69%
Magic:  15/23      EV: 12    Int: 34    God:    Vehumet [**....]
Gold:   0          SH:  6    Dex: 15    Spells: 11/29 levels left

rFire    . . .     SeeInvis .   w - +5 quick blade
rCold    . . .     Faith    .   y - +3 buckler
rNeg     . . .     Spirit   .   u - +0 robe
rPois    .         Reflect  .   (no helmet)
rElec    .         Harm     .   (no cloak)
rCorr    .         Rampage  .   (no gloves)
MR       .....     NoTele   +   (no boots)
Stlth    ++........             (no amulet)
HPRegen  0.10/turn              z - +6 ring of intelligence
MPRegen  0.18/turn              A - +6 ring of intelligence

@: no status effects
A: no striking features
a: Renounce Religion


You were in the Dungeon.
You worshipped Vehumet.
Vehumet was pleased with you.
You visited 1 branch

Inventory:

Hand Weapons
 l - the +6 Majin-Bo {vamp, MP+6 Int+6}
   (You found it in the Dungeon)

   It inflicts no extra harm, but heals its wielder when it wounds a living foe.
   It affects your intelligence (+6).
   It affects your magic capacity (+6).
 w - a +5 quick blade (weapon)
   (You found it in the Dungeon)
 R - the +7 Singing Sword {vorpal, sonic wave}
   (You found it in the Dungeon)

   It inflicts extra damage upon your enemies.
Missiles
 b - 17 stones (quivered)
Armour
 u - a +0 robe (worn)
 y - a +3 buckler (worn)
   (You found it in the Dungeon)
Jewellery
 t - an uncursed ring of flight
   (You found it in the Dungeon)
 z - a +6 ring of intelligence (left hand)
   (You found it in the Dungeon)
 A - a +6 ring of intelligence (right hand)
   (You found it in the Dungeon)
 B - a +6 ring of strength
   (You found it in the Dungeon)
 C - a +6 ring of strength
   (You found it in the Dungeon)
Wands
 c - a wand of disintegration (7)
   (You found it in the Dungeon)
 d - a wand of iceblast (7)
   (You found it in the Dungeon)
 x - a wand of acid (7)
   (You found it in the Dungeon)
Scrolls
 i - 4 scrolls of blinking
 o - 4 scrolls of amnesia
 p - 7 scrolls of fog
 q - 5 scrolls of identify {@r1}
 r - 5 scrolls of remove curse {@r2}
 s - 2 scrolls of fear
Potions
 a - 2 potions of brilliance
 e - 10 potions of heal wounds {@q2}
 f - 6 potions of haste {@q3}
 g - 7 potions of magic
 h - 3 potions of berserk rage
 j - 2 potions of invisibility
 k - 4 potions of resistance
 m - 5 potions of stabbing
 n - 5 potions of might
 v - 10 potions of curing {@q1}
Miscellaneous
 D - a lightning rod (4/4) {!a}
   (You found it in the Dungeon)
 E - a condenser vane (2/2)
   (You found it in the Dungeon)


   Skills:
 - Level 2.4 Dodging
 - Level 2.4 Stealth
 + Level 12.2 Spellcasting
 - Level 4.4 Conjurations
 + Level 0.0 Necromancy
 - Level 5.4 Transmutations
 + Level 10.7 Earth Magic


You had 11 spell levels left.
You knew the following spells:

 Your Spells              Type           Power        Failure   Level
a - Sandblast             Erth           ######       1%          1
b - Lee's Rapid Deconstr  Erth           #######...   1%          5
c - Petrify               Tmut/Erth      ######..     1%          4
f - Borgnjor's Vile Clut  Necr/Erth      ######....   11%         5
x - Stone Arrow           Conj/Erth      ######       1%          3

Your spell library contained the following spells:

 Spells                   Type           Power        Failure   Level
 Magic Dart               Conj           ####         1%          1
 Passwall                 Tmut/Erth      ######..     1%          2
 Animate Skeleton         Necr           ###...       3%          1
 Pain                     Necr           ###.         3%          1
 Ignite Poison            Fire/Tmut/Pois ####....     4%          3
 Sublimation of Blood     Necr           ###.......   5%          2
 Gell's Gravitas          Tloc           ###.......   11%         3
 Portal Projectile        Hex/Tloc       ###...       11%         3
 Fireball                 Conj/Fire      #####.....   36%         5
 Agony                    Necr           ###.....     69%         5
 Starburst                Conj/Fire      #####.....   91%         6
 Dispersal                Tloc           ###.......   99%         6
 Simulacrum               Ice/Necr       ###.......   99%         6
 Haunt                    Necr/Summ      ###.......   100%        7
 Borgnjor's Revivificati  Necr           ###.......   100%        8
 Disjunction              Tloc           ###.......   100%        8
 Ignition                 Fire           ###.......   100%        8
 Infestation              Necr           ###.......   100%        8
 Necromutation            Tmut/Necr      #####.....   100%        8
 Death's Door             Necr           ###.......   100%        9


Dungeon Overview and Level Annotations

Branches:
Dungeon (1/1)

Altars:
Ashenzari
Cheibriados
Dithmenos
Elyvilon
Fedhas
Gozag
Hepliaklqana
Kikubaaqudgha
Makhleb
Nemelex Xobeh
Okawaru
Qazlal
Ru
Sif Muna
Trog
Uskayaw
Vehumet
Wu Jian
Xom
Yredelemnul
Zin
The Shining One
Beogh
Jiyva
Lugonu

Annotations:
D 1 transporter


Message History

E - a condenser vane (2/2)
You see here Oggaonk's Tome of Necromancy.
You pick up Oggaonk's Tome of Necromancy and begin reading...
You add the spells Animate Skeleton, Pain, Sublimation of Blood, Agony, Borgnjor's Vile Clutch and Simulacrum to your library.
You see here a book of Fire.
You pick up a book of Fire and begin reading...
You add the spells Ignite Poison, Fireball, Starburst and Ignition to your library.
Okay, then.
Unknown command.
This spell is extremely dangerous to cast!
Memorise Borgnjor's Vile Clutch, consuming 5 spell levels and leaving 11?
You start memorising the spell.
You continue memorising. x5
You finish memorising.
Spell assigned to 'f'.
Okay, then.
There is a transporter here.
You start resting.
You start resting.
Welcome to arena 4.
You enter the transporter and appear at another place.
A centaur and 3 yaktaurs come into view.
The yaktaur shouts! x2; The centaur shouts!
The centaur picks up a +2 falchion of flaming.
The centaur wields a +2 falchion of flaming.
It bursts into flame!
The yaktaur picks up the +11 double sword "Wyhoronye" {freeze, rC+ Dex+5}.
The yaktaur wields the +11 double sword "Wyhoronye" {freeze, rC+ Dex+5}.
It glows with a cold blue light!
The yaktaur wields a +0 arbalest.
The yaktaur shoots a bolt.
The bolt hits you!
The yaktaur picks up 4 potions of haste.
Found a bolt and the ring "Impun" {Ice *Slow rPois Dex+3}.
The spell is extremely dangerous to cast (11% risk of failure)!
Continue anyway?
Aim: a centaur, wielding a +2 falchion of flaming and quivering 18 arrows The yaktaur shouts!
Zombie hands grab the yaktaur.
Zombie hands grab the centaur.
The zombie hands constrict the centaur.
The zombie hands constrict the yaktaur.
The centaur struggles to escape constriction.
The yaktaur unwields the +11 double sword "Wyhoronye" {freeze, rC+ Dex+5}.
The yaktaur wields a +0 arbalest.
The yaktaur shoots a bolt.
The bolt hits you!!
Ouch! That really hurt!
* * * LOW HITPOINT WARNING * * *
Okay, then.
Aim: a yaktaur, quivering 16 bolts The stone arrow hits the yaktaur!
The zombie hands constrict the centaur!
The zombie hands constrict the yaktaur.
The centaur struggles to escape constriction.
The yaktaur wields a +0 arbalest.
The yaktaur shoots a bolt.
The bolt hits you!!
Ouch! That really hurt!
You die...

▓..©..▓..©..▓▓▓▓▓▓▓
▓▓▓▓▓▓▓▓▓▓▓▓▓▓
▓..8©8...▓
▓...c=...▓
▓..ccc...▓
▓........▓
........▓
▓.▓....▓.▓
▓...@....▓
▓▓▓▓▓▓▓▓▓▓


You could see 3 yaktaurs and a centaur (clutched).

Vanquished Creatures
  A slime creature (D)
  A golden eye (D)
  3 jellies (D)
  2 adders (D)
  2 oozes (D)
9 creatures vanquished.

Notes
Turn   | Place    | Note
-------+----------+-------------------------------------------
     0 | D        | Apogee the Deep Elf Earth Elementalist began the quest for
                  | the Orb.
     0 | D        | Reached XP level 1. HP: 10/10 MP: 6/6
     0 | D        | Found a shimmering blue altar of Sif Muna.
     0 | D        | Found a sacrificial altar of Ru.
     0 | D        | Found a bloodstained altar of Trog.
     0 | D        | Found a stormy altar of Qazlal.
     0 | D        | Found an iron altar of Okawaru.
     0 | D        | Found a sparkling altar of Nemelex Xobeh.
     0 | D        | Found a blossoming altar of Fedhas.
     1 | D        | Found the +6 Majin-Bo {vamp, MP+6 Int+6}
     1 | D        | Found the +9 heavy crossbow "Sniper" {vorpal, Acc+∞ SInv}
     1 | D        | Found the +10 dark maul {vorpal}
     1 | D        | Found the +15 Maxwell's patent armour {-Cast -Tele rElec
                  | MR+ rCorr}
     1 | D        | Found the +18 shield of the Gong {rElec rN+ MR+ EV-5}
     1 | D        | Found the cursed +14 obsidian axe {vorpal, +Fly SInv
                  | *Curse}
     1 | D        | Found the +7 great mace "Firestarter" {inner flame, rF++}
     1 | D        | Found the +6 shillelagh "Devastator" {shatter}
     1 | D        | Found the +11 plutonium sword {*Contam Stlth-}
     1 | D        | Found the +8 lance "Wyrmbane" {slay drac, rPois rF+ rC+
                  | AC+3}
     1 | D        | Found the +9 sword of Zonguldrok {reap}
     1 | D        | Found the cursed +13 scythe of Curses {drain, *Curse}
     1 | D        | Found the +0 sword of Power
     1 | D        | Found the +7 mace of Variability {chain chaos}
     1 | D        | Found the +7 Singing Sword {vorpal, sonic wave}
     1 | D        | Found the +8 storm bow {elec, penet}
     2 | D        | Found a transporter.
     2 | D        | Found an ancient bone altar of Kikubaaqudgha.
     2 | D        | Found a viscous altar of Jiyva.
     2 | D        | Found a corrupted altar of Lugonu.
     2 | D        | Found a hazy altar of Hepliaklqana.
     2 | D        | Found a burning altar of Makhleb.
     2 | D        | Found an opulent altar of Gozag.
    53 | D        | Reached skill level 6 in Spellcasting
    53 | D        | Reached skill level 5 in Earth Magic
    53 | D        | Reached XP level 2. HP: 15/15 MP: 7/11
   128 | D        | Became a worshipper of Vehumet
   141 | D        | Entered arena 2.
   141 | D        | Found a transporter.
   143 | D        | Reached skill level 7 in Spellcasting
   166 | D        | Entered arena 3.
   166 | D        | Noticed a golden eye
   166 | D        | Found a transporter.
   168 | D        | Reached * piety under Vehumet
   168 | D        | Offered knowledge of Magic Dart by Vehumet.
   168 | D        | Reached XP level 3. HP: 19/19 MP: 11/13
   169 | D        | Killed a golden eye
   169 | D        | Reached skill level 10 in Spellcasting
   169 | D        | Reached XP level 4. HP: 24/24 MP: 11/18
   169 | D        | Reached XP level 5. HP: 28/28 MP: 11/19
   175 | D        | Learned a level 3 spell: Stone Arrow
   181 | D        | Learned a level 5 spell: Lee's Rapid Deconstruction
   186 | D        | Learned a level 4 spell: Petrify
   195 | D        | Entered arena 4.
   195 | D        | Noticed a slime creature
   195 | D        | Found a transporter.
   196 | D        | Reached ** piety under Vehumet
   198 | D        | Reached skill level 11 in Spellcasting
   202 | D        | Killed a slime creature
   202 | D        | Reached skill level 12 in Spellcasting
   202 | D        | Reached skill level 5 in Transmutations
   202 | D        | Reached skill level 10 in Earth Magic
   202 | D        | Reached XP level 6. HP: 20/32 MP: 13/23
   213 | D        | Got Oggaonk's Tome of Necromancy
   223 | D        | Learned a level 5 spell: Borgnjor's Vile Clutch
   316 | D        | Entered arena 5.
   316 | D        | Noticed a yaktaur
   316 | D        | Noticed a yaktaur
   316 | D        | Noticed a yaktaur
   316 | D        | Found a transporter.
   317 | D        | Identified the +11 double sword "Wyhoronye" {freeze, rC+
                  | Dex+5}
   318 | D        | Shot with a bolt by a yaktaur

Illustrated notes

Levels and vault maps discovered:
D:        sprint_v [room_start, room_1, room_2, room_3, room_4, room_5, room_6,
          room_7, room_8, room_9, room_10, room_11, room_12, room_13, room_14,
          room_15, room_16, room_17, room_18, room_19, room_20, room_21,
          room_22, room_23, room_24, room_25, room_26, room_27]

Skill      XL: |  1  2  3  4  5 |
---------------+----------------+-----
Spellcasting   | 6 7 10 12 | 12.2
Conjurations   | 4 |  4.4
Earth Magic    | 5 6 9 10 | 10.7
Transmutations | 5 |  5.4
Dodging        | |  2.4
Stealth        | |  2.4

Action                   |  1- 3 |  4- 6 || total
-------------------------+-------+-------++-------
 Cast: Sandblast         |     3 |    10 ||    13
       Stone Arrow       |       |     1 ||     1
       Borgnjor's Vile C |       |     1 ||     1
  Use: Potion            |     1 |       ||     1
Dodge: Dodged            |       |     1 ||     1

Table legend: (Time is in decaauts)
 A = Elapsed time spent in this place.
 B = Non-inter-level travel time spent in this place.
 C = Inter-level travel time spent in this place.
 D = Time resting spent in this place.
 E = Time spent auto-exploring this place.
 F = Levels seen in this place.
 G = Mean time per level.
                   A        B        C        D        E       F      G
               +--------+--------+--------+--------+--------+-----+--------+
         Total |    316 |    299 |     17 |    106 |     12 |   1 |  316.0 |
       Dungeon |    316 |    299 |     17 |    106 |     12 |   1 |  316.0 |
               +--------+--------+--------+--------+--------+-----+--------+

Top non-repeatable levels by time:
       D: 316 daAuts
